 Dungeon Crawl Stone Soup version 0.29-a0-330-g52719c12eb (webtiles) character file.

Game seed: 7482054381319370235

5448 kae the Arsonist (level 10, -9/83 HPs)
             Began as a Demigod Fire Elementalist on Apr 21, 2022.
             Mangled by a vault guard
             ... wielding a +0 broad axe
              (22 damage)
             ... in a bailey.
             The game lasted 00:09:39 (10708 turns).

kae the Arsonist (Demigod Fire Elementalist)       Turns: 10708, Time: 00:09:40

Health: -9/83      AC: 10    Str:  9    XL:     10   Next: 18%
Magic:  23/23      EV: 11    Int: 35    God:
Gold:   372        SH:  0    Dex: 14    Spells: 8/21 levels left

rFire   . . .      SeeInvis +   k - +3 hand axe (venom)
rCold   . . .      Faith    .   (no shield)
rNeg    . . .      Spirit   .   w - +3 leather armour
rPois   .          Reflect  .   (no helmet)
rElec   .          Harm     .   (no cloak)
rCorr   .          Rampage  .   q - +0 pair of gloves
Will    +....                   n - +2 pair of boots {Stlth+}
Stlth   +++.......              i - amulet of the acrobat
HPRegen 0.23/turn               m - ring of see invisible
MPRegen 0.18/turn               v - +6 ring of intelligence

@: about to teleport
A: high MP 1, forlorn, divine attributes
a: no special abilities


You were in a bailey.
You visited 1 branch of the dungeon, and saw 8 of its levels.
You also visited: Sewer, Ossuary and Bailey.

You collected 372 gold pieces.

Inventory:

Hand Weapons
 k - a +3 hand axe of venom (weapon)
Armour
 n - a +2 pair of boots of stealth (worn)
 q - a +0 pair of gloves (worn)
 w - a +3 leather armour (worn)
Magical Staves
 h - a staff of poison
Jewellery
 i - an amulet of the acrobat (around neck)
 m - a ring of see invisible (left hand)
 o - a ring of resist corrosion
 v - a +6 ring of intelligence (right hand)
 y - a ring of willpower
 D - a ring of wizardry
Wands
 u - a wand of digging (5)
 A - a wand of paralysis (16)
Scrolls
 a - a scroll of blinking
 d - 10 scrolls of identify
 f - 4 scrolls of noise
 g - 4 scrolls of fear
 s - 2 scrolls of summoning
 t - 5 scrolls of teleportation
 B - a scroll of silence
 E - a scroll of enchant armour
Potions
 b - 2 potions of heal wounds
 c - 3 potions of curing
 e - 6 potions of flight
 j - 3 potions of cancellation
 l - 2 potions of lignification
 p - a potion of haste
 r - a potion of might
 x - a potion of attraction
 z - 2 potions of mutation
 C - a potion of brilliance
 F - 3 potions of invisibility


   Skills:
 + Level 6.3 Fighting
 - Level 1.7 Dodging
 - Level 1.7 Stealth
 + Level 6.0 Spellcasting
 + Level 6.3 Conjurations
 * Level 9.5 Fire Magic


You had 8 spell levels left.
You knew the following spells:

 Your Spells              Type           Power      Damage    Failure   Level
a - Foxfire               Conj/Fire      100%       2x1d9     1%          1
b - Scorch                Fire           100%       2d10      1%          2
c - Conjure Flame         Conj/Fire      60%        6-21      1%          3
d - Inner Flame           Hex/Fire       44%        N/A       2%          3
e - Flame Wave            Conj/Fire      60%        2d12      1%          4

Your spell library contained the following spells:

 Spells                   Type           Power      Damage    Failure   Level
 Beastly Appendage        Tmut           20%        N/A       5%          1
 Sublimation of Blood     Necr           10%        N/A       8%          2
 Wereblood                Tmut           10%        N/A       8%          2
 Spider Form              Tmut/Pois      10%        N/A       16%         3
 Animate Dead             Necr           5%         N/A       45%         4
 Borgnjor's Vile Clutch   Necr/Erth      5%         N/A       82%         5
 Death Channel            Necr           5%         N/A       100%        6
 Summon Hydra             Summ           5%         N/A       100%        7


Dungeon Overview and Level Annotations

Branches:
Dungeon (8/15)             Temple (0/1) D:6           Sewer (visited)
Ossuary (visited)          Bailey (1/1)
   Lair: D:8-11

Shops:
D:1 =(

Annotations:
D:4 2 transporters
D:8 Erica Bailey exclusion: door


Innate Abilities, Weirdness & Mutations

You have an increased reservoir of magic. (+10% MP)
You shall have no god before yourself.
Your divine heritage dramatically boosts your attributes as you level up.


Message History

The vault guard is moderately wounded.
You hit the vault guard but do no damage.
The vault guard is poisoned.
The vault guard is no longer paralysed.
The vault guard hits you with a +4 broad axe!
The vault guard hits you with a +0 broad axe!
The vault guard drinks a potion.
The vault guard seems to grow stronger.
Blink to where?
Press: ? - help, Dir - move target, p - vault guard
As you read the scroll of blinking, it crumbles to dust.
Found 3 potions of invisibility.
There is an open door here.
Press: ? - help, v - describe, . - travel, g - get item Item here: 19 gold pieces.
The floor.
Unknown command.
Okay, then.
There is a gate leading back out of this place here.
You see here a scroll of enchant armour.
E - a scroll of enchant armour You see here a potion of invisibility.
F - a potion of invisibility The vault guard looks more healthy.
You see here a potion of invisibility.
As you read the scroll of teleportation, it crumbles to dust.
You feel strangely unstable.
F - 2 potions of invisibility (gained 1)
The vault guard completely misses you.
The vault guard attacks as you move away!
The vault guard hits you with a +4 broad axe!!
The vault guard hits you with a +0 broad axe.
* * * LOW HITPOINT WARNING * * *
You see here a potion of invisibility.
F - 3 potions of invisibility (gained 1)
The vault guard hits you with a +0 broad axe.
* * * LOW HITPOINT WARNING * * *
The vault guard hits you with a +4 broad axe!
* * * LOW HITPOINT WARNING * * *
The vault guard attacks as you move away!
The vault guard hits you with a +0 broad axe!!
You die...

'.### #≈.≈##
#≈.≈≈## ##≈.≈≈≈#
###≈≈..≈#######
###≈≈≈≈..##....?##
≈≈≈≈≈≈≈..#.......#
))≈.≈....'..∩..pp#
)§...≈...#.....?@#
≈.....≈..##....$##
≈≈≈..p...≈#######
≈≈≈≈≈≈≈≈≈≈≈#
≈≈≈≈≈≈≈≈≈≈##
≈≈≈≈≈≈≈≈≈##
##≈≈≈≈≈###
.####### ...#


You could see 2 vault guards.

Vanquished Creatures
  Maggie (D:6)
  Prince Ribbit (D:6)
  A blink frog (Bailey)
  Sigmund (D:5)
  2 wraiths (Ossuary)
  A wyvern (D:7)
  4 humans (Bailey)
  Eustachio (D:6)
  2 water moccasins
  2 ice beasts (D:7)
  2 ogres
  3 centaurs
  3 phantoms
  Blork the orc (D:6)
  2 necrophages (D:4)
  13 bullfrogs
  3 scorpions (D:6)
  2 wights (Ossuary)
  8 killer bees (D:7)
  An electric eel (D:7)
  2 howler monkeys
  A hound (D:6)
  An orc priest (D:7)
  6 iguanas
  3 orc wizards
  9 gnolls
  15 adders
  5 river rats (Sewer)
  A shadow imp (D:4)
  A white imp (D:7)
  An adder zombie (Ossuary)
  6 worms
  2 dart slugs
  14 orcs
  8 endoplasms
  5 giant cockroaches
  11 goblins
  8 hobgoblins
  9 jackals
  3 quokkas
  11 ball pythons
  A ball python skeleton (Ossuary)
  13 bats
  8 frilled lizards
  A hobgoblin skeleton (Ossuary)
  A hobgoblin zombie (Ossuary)
  3 kobolds
  A kobold zombie (Ossuary)
  2 orc skeletons (Ossuary)
  2 orc zombies (Ossuary)
  3 rats
211 creatures vanquished.

Vanquished Creatures (collateral kills)
  3 foxfires (D:3)
3 creatures vanquished.

Vanquished Creatures (others)
  523 foxfires
  A plant (D:3)
524 creatures vanquished.

Grand Total: 738 creatures vanquished

Notes
Turn   | Place    | Note
-------+----------+-------------------------------------------
     0 | D:1      | kae the Demigod Fire Elementalist began the quest for the
                  | Orb.
     0 | D:1      | Reached XP level 1. HP: 14/14 MP: 5/5
    15 | D:1      | Found Getaqa's Weapon Shop.
   127 | D:1      | Reached skill level 1 in Conjurations
   307 | D:1      | Reached skill level 3 in Fire Magic
   307 | D:1      | Reached XP level 2. HP: 22/22 MP: 1/7
   310 | D:1      | Learned a level 2 spell: Scorch
   892 | D:1      | Found Rifefuenk's Jewellery Emporium.
  1314 | D:2      | Reached XP level 3. HP: 27/27 MP: 4/8
  1416 | D:2      | Reached skill level 1 in Fighting
  2049 | D:2      | Learned a level 3 spell: Conjure Flame
  2503 | D:3      | Reached XP level 4. HP: 33/35 MP: 5/10
  3124 | D:4      | Noticed a necrophage
  3132 | D:4      | Noticed a necrophage
  3133 | D:4      | Killed a necrophage
  3134 | D:4      | Reached skill level 4 in Fire Magic
  3134 | D:4      | Reached XP level 5. HP: 36/41 MP: 4/11
  3262 | D:4      | Found a transporter.
  3276 | D:4      | Found a transporter.
  3704 | D:4      | Reached XP level 6. HP: 6/48 MP: 2/13
  4228 | D:5      | Entered Level 5 of the Dungeon
  4978 | D:5      | Learned a level 3 spell: Inner Flame
  4997 | D:5      | Reached skill level 5 in Fire Magic
  5131 | D:5      | Noticed Sigmund
  5131 | D:5      | Noticed a gargoyle
  5133 | D:5      | Noticed a water moccasin
  5311 | D:5      | Killed Sigmund
  5312 | D:5      | Reached XP level 7. HP: 57/57 MP: 9/15
  5557 | D:5      | Reached skill level 6 in Fire Magic
  6074 | D:5      | Learned a level 4 spell: Flame Wave
  6083 | D:6      | Noticed Maggie
  6140 | D:6      | Noticed Prince Ribbit
  6151 | D:6      | HP: 2/58 [Prince Ribbit (14)]
  6161 | D:6      | Reached XP level 8. HP: 25/66 MP: 4/17
  6167 | D:6      | Noticed Eustachio
  6182 | D:6      | Killed Prince Ribbit
  6184 | D:6      | Killed Eustachio
  6185 | D:6      | Reached skill level 7 in Fire Magic
  6185 | D:6      | Noticed Blork the orc
  6192 | D:6      | Killed Blork the orc
  6214 | D:6      | Found a glowing drain.
  6349 | Sewer    | Entered a sewer
  7314 | D:6      | Killed Maggie
  7565 | D:6      | Reached skill level 5 in Conjurations
  7622 | D:6      | Found a staircase to the Ecumenical Temple.
  7632 | D:6      | Reached XP level 9. HP: 73/73 MP: 15/19
  8029 | D:7      | Reached skill level 5 in Fighting
  8030 | D:7      | Reached skill level 5 in Spellcasting
  8100 | D:7      | Reached skill level 8 in Fire Magic
  8436 | D:7      | Found a sand-covered staircase.
  8478 | Ossuary  | Entered an ossuary
 10030 | D:8      | Noticed Erica
 10074 | D:8      | Found a flagged portal.
 10222 | Bailey   | Entered a bailey
 10244 | Bailey   | Reached skill level 9 in Fire Magic
 10400 | Bailey   | Reached XP level 10. HP: 73/83 MP: 15/22
 10576 | Bailey   | Noticed a vault guard
 10678 | Bailey   | Noticed a vault guard
 10708 | Bailey   | Mangled by a vault guard

Illustrated notes

Levels and vault maps discovered:
D:1:      wheals_arrival_shading, layout_basic, serial_shops,
          nicolae_shop_hallway_stairs, nicolae_shop_waterfront,
          minmay_box_of_dots
D:2:      layout_basic
D:3:      layout_basic, nicolae_ecumenical_oubliette, serial_forest,
          infiniplex_forest_lined_3, infiniplex_forest_clump_small,
          infiniplex_forest_straight_5, infiniplex_forest_straight_2,
          infiniplex_forest_zigzag_1, infiniplex_forest_straight_1,
          infiniplex_forest_straight_4, infiniplex_forest_end_2,
          kennysheep_small_spiral, serial_bayou_lagoon_a, hex_intersection,
          wad_woods_river_04
D:4:      gammafunk_steamed_eel, layout_cave_pools, kennysheep_generic_room_14
D:5:      layout_basic, minmay_chambers_of_fives, uniq_sigmund
D:6:      layout_rooms, temple_green, cheibrodos_sewer_entry_drain, st_stairs_7,
          hangedman_abyss_or_decor_slice, uniq_eustachio, uniq_prince_ribbit1,
          uniq_blork_the_orc, uniq_maggie
D:7:      wad_river_or_something, layout_layer_cave,
          nicolae_ossuary_entry_false_entrances
D:8:      minmay_weird_star, layout_basic, nicolae_ru_sacrificial_ziggurat,
          serial_shops, shop, enter_bailey_3, uniq_pikel, uniq_erica
Bailey:   bailey_axe_froggy_fort_hellmonk, bailey

Skill      XL: |  1  2  3  4  5  6  7  8  9 10 |
---------------+-------------------------------+-----
Conjurations   | 1 2 3 4 5 6 |  6.3
Fire Magic     | 3 4 5 6 7 9 |  9.5
Spellcasting   | 2 3 4 5 6 |  6.0
Fighting       | 1 2 3 4 6 |  6.3
Dodging        | |  1.7
Stealth        | |  1.7

Action                   |  1- 3 |  4- 6 |  7- 9 | 10-12 || total
-------------------------+-------+-------+-------+-------++-------
Melee: Hand axe          |    17 |     7 |    17 |     5 ||    46
       Staff             |     4 |       |       |       ||     4
 Cast: Foxfire           |    80 |    89 |   130 |    10 ||   309
       Scorch            |     2 |    15 |    69 |     4 ||    90
       Conjure Flame     |       |     3 |       |       ||     3
       Flame Wave        |       |       |    12 |     1 ||    13
Evoke: Wand              |       |       |     1 |     3 ||     4
  Use: Scroll            |    12 |     4 |     9 |     2 ||    27
       Potion            |       |     1 |    10 |       ||    11
 Stab: Sleeping          |       |     1 |     2 |       ||     3
       Invisible         |       |       |     1 |       ||     1
       Paralysed         |       |       |       |     5 ||     5
Armor: Robe              |    12 |     4 |       |       ||    16
       Leather armour    |       |    13 |    40 |     2 ||    55
       Skin              |       |       |    12 |       ||    12
Dodge: Dodged            |    28 |    42 |   111 |    12 ||   193

Table legend: (Time is in decaauts)
 A = Elapsed time spent in this place.
 B = Non-inter-level travel time spent in this place.
 C = Inter-level travel time spent in this place.
 D = Time resting spent in this place.
 E = Time spent auto-exploring this place.
 F = Levels seen in this place.
 G = Mean time per level.
                   A        B        C        D        E       F      G
               +--------+--------+--------+--------+--------+-----+--------+
         Total |  10908 |  10668 |    240 |   1002 |   7551 |  11 |  991.6 |
       Dungeon |   8764 |   8524 |    240 |    789 |   6110 |   8 | 1095.5 |
         Sewer |   1076 |   1076 |      0 |      0 |    911 |   1 | 1076.0 |
       Ossuary |    575 |    575 |      0 |     61 |    372 |   1 |  575.0 |
        Bailey |    492 |    492 |      0 |    152 |    157 |   1 |  492.0 |
               +--------+--------+--------+--------+--------+-----+--------+

Top non-repeatable levels by time:
     D:5: 1788 daAuts
     D:7: 1462 daAuts
     D:4: 1152 daAuts
     D:1: 1147 daAuts
     D:3: 1093 daAuts
   Sewer: 1076 daAuts
     D:6: 976 daAuts
     D:2: 955 daAuts
 Ossuary: 575 daAuts
  Bailey: 492 daAuts
     D:8: 187 daAuts
